[Event "Titled Tuesday Blitz November 07 Early 2023"]
[White "Goh, Zi Han"]
[Black "Iskusnyh, Sergei"]
[WhiteFideId "5819156"]
[BlackFideId "4120027"]
[WhiteElo "2339"]
[BlackElo "2542"]
[Result "0-1"]
[Round "6"]
[TimeControl "180+1"]
[Date "2023.11.07"]
[WhiteClock "0:00:00"]
[BlackClock "0:01:58"]
[Board "117"]

1. d4 d5 2. c4 c6 3. Nf3 Nf6 4. Nc3 a6 5. c5 Bf5 6. Bf4 Nbd7 7. h3 e6 8. e3 h6 9. Be2 Be7 10. O-O O-O 11. b4 Ne4 12. Nxe4 Bxe4 13. a4 Bxf3 14. Bxf3 Bf6 15. Bg3 e5 16. Bg4 exd4 17. exd4 Re8 18. Qd3 Re4 19. Rfd1 Rxd4 20. Qf5 Rxd1+ 21. Rxd1 Nf8 22. Be2 Qe7 23. Bd3 Qe6 24. Qf3 Re8 25. Bf4 Ng6 26. Bxg6 fxg6 27. Qg3 g5 28. Be3 Qe4 29. b5 Qxa4 30. bxc6 Qxd1+ 0-1


[Site "https://www.chess.com"]

[Event "Titled Tuesday Blitz November 07 Early 2023"]
[White "brm72"]
[Black "Zaksaite, Salomeja"]
[BlackFideId "12801496"]
[WhiteElo "2542"]
[BlackElo "2331"]
[Result "0-1"]
[Round "6"]
[TimeControl "180+1"]
[Date "2023.11.07"]
[WhiteClock "0:00:18"]
[BlackClock "0:00:12"]
[Board "118"]

1. e4 c5 2. Nf3 e6 3. d4 cxd4 4. Nxd4 Nf6 5. Nc3 Nc6 6. Nxc6 bxc6 7. e5 Nd5 8. Ne4 Qc7 9. f4 Qb6 10. c4 Bb4+ 11. Ke2 f5 12. exf6 Nxf6 13. Be3 Qa5 14. Nxf6+ gxf6 15. a3 Be7 16. b4 Qh5+ 17. Kf2 Qxd1 18. Rxd1 d5 19. cxd5 cxd5 20. f5 a5 21. Bb5+ Kf7 22. Bc5 axb4 23. fxe6+ Bxe6 24. axb4 Ra2+ 25. Kf3 Rg8 26. Rde1 Bxc5 27. bxc5 Rgxg2 28. c6 Rgb2 29. Rb1 Ra3+ 30. Kf4 Rf2# 0-1


[Site "https://www.chess.com"]

[Event "Titled Tuesday Blitz November 07 Early 2023"]
[White "Shukhman, Anna"]
[Black "TheAlienParty"]
[WhiteFideId "54180058"]
[WhiteElo "2534"]
[BlackElo "2263"]
[Result "1-0"]
[Round "6"]
[TimeControl "180+1"]
[Date "2023.11.07"]
[WhiteClock "0:00:15"]
[BlackClock "0:00:09"]
[Board "119"]

1. e4 e5 2. Nf3 Nc6 3. Bb5 a6 4. Ba4 d6 5. O-O Bd7 6. d4 exd4 7. Bxc6 bxc6 8. Qxd4 c5 9. Qd3 Be7 10. b3 Bf6 11. Nc3 Ne7 12. Bb2 Ng6 13. Rad1 O-O 14. Rfe1 Nf4 15. Qe3 Ng6 16. Bc1 Re8 17. Nd5 a5 18. a4 Bc6 19. c4 Bxd5 20. Rxd5 Qd7 21. Qxc5 Qg4 22. Qe3 h6 23. h3 Qc8 24. Nd4 Qb7 25. Nf5 Be5 26. g3 c6 27. Rd3 Re6 28. f4 Bf6 29. Nxd6 Qe7 30. e5 Bxe5 31. fxe5 Rxe5 32. Nf5 Qe8 33. Qxe5 Nxe5 34. Rde3 Nf3+ 35. Kf2 Nxe1 36. Rxe8+ Rxe8 37. Be3 Nd3+ 38. Kf3 Kh7 39. Nd4 Ne5+ 40. Kf2 f6 41. Bd2 Rb8 42. Bxa5 Rxb3 43. Nxb3 Nxc4 44. Bc7 Kg8 45. a5 Kf7 46. a6 Ke7 47. a7 Kd7 48. a8=Q Kxc7 49. Nc5 Kd6 50. Ne4+ Ke5 51. Qxc6 f5 52. Nc5 Kd4 53. Ne6+ Kc3 54. Nxg7 1-0


[Site "https://www.chess.com"]

[Event "Titled Tuesday Blitz November 07 Early 2023"]
[White "Manukian, Artak"]
[Black "ssgm49"]
[WhiteFideId "13301373"]
[WhiteElo "2528"]
[BlackElo "2156"]
[Result "1-0"]
[Round "6"]
[TimeControl "180+1"]
[Date "2023.11.07"]
[WhiteClock "0:01:32"]
[BlackClock "0:00:00"]
[Board "120"]

1. e4 c6 2. d4 d5 3. e5 Bf5 4. c4 e6 5. Nc3 Ne7 6. Nf3 Nd7 7. Nh4 Bg6 8. Bg5 Qb6 9. Qd2 Nf5 10. Nxf5 Bxf5 11. c5 Qc7 12. Bd3 Bxd3 13. Qxd3 b6 14. cxb6 axb6 15. O-O Bb4 16. a3 Bxc3 17. Qxc3 c5 18. f4 h6 19. Bh4 O-O 20. Be7 Rfc8 21. Bd6 Qc6 22. f5 cxd4 23. Qxd4 Ra4 24. Qf2 Qc2 25. fxe6 Qxf2+ 26. Kxf2 Rc2+ 27. Kg3 fxe6 28. Rf2 Rg4+ 29. Kxg4 Rxf2 30. b4 Rxg2+ 31. Kh3 Re2 32. a4 Nxe5 33. Bxe5 Rxe5 34. a5 bxa5 35. bxa5 Rf5 36. a6 Rf8 37. a7 Ra8 38. Kg3 Kf7 39. Kf4 Kf6 40. Ra6 g5+ 41. Ke3 Ke5 42. Kd3 h5 43. Ke3 g4 44. Ra5 h4 45. Kf2 Kf5 46. Ke3 1-0


[Site "https://www.chess.com"]

[Event "Titled Tuesday Blitz November 07 Early 2023"]
[White "Ronka, Erik"]
[Black "Perez Cruz, Adianet"]
[WhiteFideId "505080"]
[BlackFideId "3510115"]
[WhiteElo "2527"]
[BlackElo "1975"]
[Result "1-0"]
[Round "6"]
[TimeControl "180+1"]
[Date "2023.11.07"]
[WhiteClock "0:00:17"]
[BlackClock "0:00:11"]
[Board "121"]

1. e4 c6 2. d4 d5 3. Nd2 dxe4 4. Nxe4 Nf6 5. Nxf6+ gxf6 6. c3 Bf5 7. Bd3 Bg6 8. Ne2 Nd7 9. O-O e6 10. b4 Bd6 11. a4 a6 12. Rb1 Qc7 13. h3 Bxd3 14. Qxd3 f5 15. c4 Rg8 16. Kh1 Rd8 17. Re1 Nf6 18. Nc3 Kd7 19. b5 axb5 20. axb5 Bf4 21. bxc6+ bxc6 22. Qf3 Bxc1 23. Rexc1 Rb8 24. Na4 Ne4 25. Rxb8 Rxb8 26. Nc5+ Nxc5 27. dxc5 Qe5 28. Rd1+ Kc7 29. Qa3 Kc8 30. Qa6+ Rb7 31. Qxc6+ Qc7 32. Qe8+ 1-0


[Site "https://www.chess.com"]

[Event "Titled Tuesday Blitz November 07 Early 2023"]
[White "Hambleton, Aman"]
[Black "Azali, Tannaz"]
[WhiteFideId "2606577"]
[BlackFideId "12537721"]
[WhiteElo "2736"]
[BlackElo "2430"]
[Result "1-0"]
[Round "6"]
[TimeControl "180+1"]
[Date "2023.11.07"]
[WhiteClock "0:00:03"]
[BlackClock "0:00:09"]
[Board "122"]

1. d4 Nf6 2. Bf4 e6 3. e3 c5 4. c3 d5 5. Nd2 Bd6 6. Ngf3 O-O 7. Bd3 Qc7 8. Bxd6 Qxd6 9. Ne5 Nc6 10. f4 b6 11. O-O Bb7 12. Qf3 Ne7 13. g4 Ne4 14. Nxe4 dxe4 15. Bxe4 Bxe4 16. Qxe4 f5 17. Qf3 Rae8 18. g5 Nd5 19. Rad1 Rc8 20. c4 Nb4 21. dxc5 Qxc5 22. Nd7 Qxc4 23. Rd4 Qb5 24. a4 Qxa4 25. Nxf8 Rxf8 26. Qb7 Qb3 27. Rd7 Qxb2 28. Rfd1 Nd5 29. Qc6 Kh8 30. Qd6 Rg8 31. Rd8 Nxe3 32. Rxg8+ Kxg8 33. Qxe6+ 1-0


[Site "https://www.chess.com"]

[Event "Titled Tuesday Blitz November 07 Early 2023"]
[White "Molina Carretero, Daniel"]
[Black "Zavgorodniy, Sergiy"]
[WhiteFideId "32071914"]
[BlackFideId "14110148"]
[WhiteElo "2426"]
[BlackElo "2678"]
[Result "0-1"]
[Round "6"]
[TimeControl "180+1"]
[Date "2023.11.07"]
[WhiteClock "0:00:17"]
[BlackClock "0:01:35"]
[Board "123"]

1. c4 c5 2. g3 Nc6 3. Bg2 g6 4. Nc3 Bg7 5. a3 e6 6. b4 Nxb4 7. axb4 cxb4 8. d4 bxc3 9. e3 Ne7 10. Ne2 d5 11. Nxc3 dxc4 12. Qa4+ Bd7 13. Qxc4 Bc6 14. Bxc6+ Nxc6 15. Ba3 Bf8 16. O-O Bxa3 17. Rxa3 O-O 18. Rb1 Qe7 19. Rab3 Na5 20. Qb4 Qxb4 21. Rxb4 Rfc8 22. Ne4 b6 23. h4 Rc2 24. h5 Kg7 25. hxg6 hxg6 26. Kg2 Rac8 27. Rh1 Rh8 28. Rxh8 Kxh8 29. g4 Nc4 30. Kf3 Nd2+ 31. Nxd2 Rxd2 32. Rc4 Kg7 33. g5 b5 34. Rc7 a5 35. Ra7 a4 36. Ra5 Rb2 37. e4 Rb3+ 38. Kf4 a3 39. d5 exd5 40. exd5 b4 41. Ra4 Rb2 42. Ke3 a2 43. d6 Rb3+ 44. Ke2 Ra3 45. Rxa3 bxa3 46. d7 a1=Q 47. d8=Q Qb2+ 48. Kf3 a2 49. Kg3 a1=Q 50. Qe7 Qe5+ 51. Qxe5+ Qxe5+ 0-1


[Site "https://www.chess.com"]

[Event "Titled Tuesday Blitz November 07 Early 2023"]
[White "Starozhilov, Leonid"]
[Black "Rios Escobar, Adan"]
[WhiteFideId "14106752"]
[BlackFideId "3403645"]
[WhiteElo "2675"]
[BlackElo "2425"]
[Result "1-0"]
[Round "6"]
[TimeControl "180+1"]
[Date "2023.11.07"]
[WhiteClock "0:00:04"]
[BlackClock "0:00:00"]
[Board "124"]

1. e4 c5 2. Nc3 d6 3. f4 g6 4. Nf3 Bg7 5. Bb5+ Bd7 6. a4 Nc6 7. Bxc6 Bxc6 8. d3 e6 9. O-O Ne7 10. Qe1 h6 11. Be3 b6 12. Rd1 Qc7 13. d4 O-O-O 14. Nb5 Qb7 15. dxc5 Bxb5 16. axb5 dxc5 17. Bc1 Rxd1 18. Qxd1 Qxe4 19. Re1 Qd5 20. Qe2 Rd8 21. Be3 Nf5 22. Bf2 Nd4 23. Bxd4 Bxd4+ 24. Kh1 Bxb2 25. c4 Qd3 26. Qxb2 Qxc4 27. Qf6 Rd7 28. h3 Qxb5 29. Ne5 Qb4 30. Ra1 Rc7 31. Nxf7 Qd4 32. Qxe6+ Kb8 33. Qe8+ Rc8 34. Qe5+ Qxe5 35. Nxe5 g5 36. f5 c4 37. f6 c3 38. f7 Kc7 39. Rc1 Kd6 40. Rxc3 Rf8 41. Ng4 Ke7 42. Rc7+ 1-0


[Site "https://www.chess.com"]

[Event "Titled Tuesday Blitz November 07 Early 2023"]
[White "Su, Dion"]
[Black "Kosteniuk, Alexandra"]
[WhiteFideId "2029731"]
[BlackFideId "4128125"]
[WhiteElo "2418"]
[BlackElo "2667"]
[Result "0-1"]
[Round "6"]
[TimeControl "180+1"]
[Date "2023.11.07"]
[WhiteClock "0:00:00"]
[BlackClock "0:00:21"]
[Board "125"]

1. e4 c5 2. Nf3 Nc6 3. d4 cxd4 4. Nxd4 Nf6 5. Nc3 d6 6. f3 e5 7. Nb3 Be6 8. Be3 d5 9. exd5 Nxd5 10. Nxd5 Bxd5 11. Qd2 Bb4 12. c3 Be7 13. O-O-O Bxb3 14. axb3 O-O 15. Bd3 Qc8 16. Kb1 a5 17. Qc2 f5 18. g4 e4 19. Bc4+ Kh8 20. fxe4 fxg4 21. h3 Ne5 22. Bd5 g3 23. Rhg1 Bh4 24. Bd4 Qc7 25. Qe2 Nf3 26. Rg2 a4 27. e5 Nxd4 28. Rxd4 axb3 29. Rxh4 Ra1+ 30. Kxa1 Qa5+ 31. Kb1 Qxd5 32. Rd4 Qa5 33. e6 Qa2+ 34. Kc1 Qa1+ 35. Kd2 Qxb2+ 36. Kd3 Qb1+ 37. Kd2 b2 38. Rb4 Qc1+ 39. Kd3 b1=Q+ 40. Rxb1 Qxb1+ 41. Qc2 Qf1+ 42. Qe2 Qf5+ 43. Qe4 Rd8+ 44. Ke3 Qg5+ 45. Kf3 Rf8+ 46. Ke2 Qb5+ 47. c4 Qb2+ 48. Kd3 Rd8+ 49. Ke3 Qc3+ 50. Kf4 Rd4 0-1


[Site "https://www.chess.com"]

[Event "Titled Tuesday Blitz November 07 Early 2023"]
[White "Cristi_Coca"]
[Black "Mendez Fortes, Eduardo Jesus"]
[BlackFideId "3502376"]
[WhiteElo "2417"]
[BlackElo "2651"]
[Result "0-1"]
[Round "6"]
[TimeControl "180+1"]
[Date "2023.11.07"]
[WhiteClock "0:00:02"]
[BlackClock "0:01:21"]
[Board "126"]

1. e4 c5 2. c3 Nf6 3. e5 Nd5 4. Nf3 Nc6 5. Bc4 Nb6 6. Bb3 d5 7. exd6 Qxd6 8. O-O Be6 9. Bxe6 Qxe6 10. d4 cxd4 11. Nxd4 Nxd4 12. Qxd4 Qd7 13. Qe4 e6 14. Be3 Qd5 15. Qg4 Nc4 16. Rd1 Qc6 17. Bd4 Nxb2 18. Re1 Nc4 19. a4 h5 20. Qg3 h4 21. Qg4 h3 22. Re4 hxg2 23. Bxg7 Nd6 24. Bxh8 Qxe4 25. Qxg2 Qxg2+ 26. Kxg2 Nf5 27. Nd2 Rc8 28. Rb1 b6 29. Ne4 Be7 30. Be5 Kd7 31. Rd1+ Kc6 32. h3 Rg8+ 33. Kf3 Rg6 34. Ke2 Rh6 35. Ng3 Nxg3+ 36. Bxg3 Rxh3 37. Rd4 Rh5 38. Rc4+ Rc5 39. Rf4 f5 40. c4 Ra5 41. Rd4 Rxa4 42. Bb8 Ra2+ 43. Kf3 a5 44. Rd1 a4 45. Rh1 Ra3+ 46. Kf4 Rd3 47. Rh6 Bd6+ 48. Kg5 Bxb8 49. Rxe6+ Bd6 0-1


[Site "https://www.chess.com"]

[Event "Titled Tuesday Blitz November 07 Early 2023"]
[White "Herzog2012"]
[Black "Cesar Maestre, Bernardo"]
[BlackFideId "24542547"]
[WhiteElo "2573"]
[BlackElo "2414"]
[Result "1-0"]
[Round "6"]
[TimeControl "180+1"]
[Date "2023.11.07"]
[WhiteClock "0:00:11"]
[BlackClock "0:00:07"]
[Board "128"]

1. e4 c5 2. Nf3 d6 3. d4 cxd4 4. Nxd4 Nf6 5. Nc3 a6 6. Bg5 e6 7. f4 Be7 8. Qf3 Qc7 9. O-O-O Nbd7 10. g4 b5 11. Bxf6 Nxf6 12. g5 Nd7 13. f5 O-O 14. Rg1 b4 15. Nce2 e5 16. f6 exd4 17. fxe7 Re8 18. Nxd4 Ne5 19. Qf4 g6 20. h4 a5 21. Nb5 Qxe7 22. Be2 Ba6 23. Rd5 Bxb5 24. Bxb5 Red8 25. h5 a4 26. hxg6 hxg6 27. Qf6 Qxf6 28. gxf6 a3 29. Rgd1 axb2+ 30. Kxb2 Ra5 31. Rxe5 Rda8 32. Re8+ Rxe8 33. Bxe8 Re5 34. Bc6 1-0


[Site "https://www.chess.com"]

[Event "Titled Tuesday Blitz November 07 Early 2023"]
[White "Jaskolka, Tomasz"]
[Black "Suspenser17"]
[WhiteFideId "1170791"]
[WhiteElo "2558"]
[BlackElo "2409"]
[Result "1-0"]
[Round "6"]
[TimeControl "180+1"]
[Date "2023.11.07"]
[WhiteClock "0:00:34"]
[BlackClock "0:00:13"]
[Board "129"]

1. e4 e5 2. Nf3 Nc6 3. Bc4 Nf6 4. Ng5 d5 5. exd5 Na5 6. Bb5+ c6 7. dxc6 bxc6 8. Bd3 Nd5 9. h4 h6 10. Qh5 Qf6 11. Nxf7 Nf4 12. Qxe5+ Kxf7 13. Qxa5 Nxd3+ 14. cxd3 Bf5 15. Qc3 Re8+ 16. Kd1 Bg4+ 17. Kc2 Qxf2 18. Na3 Bxa3 19. bxa3 Be2 20. Bb2 Qg3 21. Qc4+ Re6 22. Rae1 Bg4 23. Rhf1+ Ke7 24. Qb4+ Kd8 25. Qd4+ Kc8 26. Qxg7 Bd1+ 27. Kxd1 1-0


[Site "https://www.chess.com"]

[Event "Titled Tuesday Blitz November 07 Early 2023"]
[White "Derjabin, Ilja"]
[Black "Osinovsky, Stepan"]
[WhiteFideId "14104768"]
[BlackFideId "4157354"]
[WhiteElo "2554"]
[BlackElo "2407"]
[Result "1-0"]
[Round "6"]
[TimeControl "180+1"]
[Date "2023.11.07"]
[WhiteClock "0:00:10"]
[BlackClock "0:00:06"]
[Board "130"]

1. d4 Nf6 2. c4 g6 3. Nc3 Bg7 4. e4 O-O 5. Nge2 d6 6. Ng3 e5 7. d5 c6 8. Be2 cxd5 9. cxd5 a6 10. a4 h5 11. Bg5 Qb6 12. O-O Qxb2 13. Qd3 Qb6 14. a5 Qd8 15. Na4 Qxa5 16. Be3 Nbd7 17. Nb6 Qxb6 18. Bxb6 Nxb6 19. Rfc1 Nbd7 20. f3 Nc5 21. Qa3 Bh6 22. Rcb1 Bd7 23. Rb6 Ne8 24. Nf1 Kh8 25. Kh1 Rg8 26. Ne3 Bf8 27. Nc4 Bb5 28. Rxb5 axb5 29. Qxa8 bxc4 30. Qxe8 c3 31. Qxf7 Bh6 32. Qf6+ Kh7 33. Qxd6 Nb3 34. Qxe5 c2 35. Qc7+ Bg7 36. Qxc2 Nxa1 37. Qa4 Rc8 38. g3 Nc2 39. Qd7 Rc3 40. e5 Ne3 41. Kg1 Rc2 42. Kf2 Nd1+ 43. Ke1 Nb2 44. e6 Rc1+ 45. Kf2 Kh6 46. e7 Bd4+ 47. Kg2 Nc4 48. e8=Q Ne3+ 49. Kh3 Nf5 50. Qf8+ Bg7 51. Qdxf5 gxf5 52. Qxf5 Rg1 53. Bd3 Rxg3+ 54. hxg3 Bf6 55. Qg6# 1-0


[Site "https://www.chess.com"]

[Event "Titled Tuesday Blitz November 07 Early 2023"]
[White "Avazkhonov, Alikhon"]
[Black "Matveeva, Olga"]
[WhiteFideId "14208504"]
[BlackFideId "24107018"]
[WhiteElo "2537"]
[BlackElo "2402"]
[Result "1-0"]
[Round "6"]
[TimeControl "180+1"]
[Date "2023.11.07"]
[WhiteClock "0:00:47"]
[BlackClock "0:00:30"]
[Board "131"]

1. d4 d5 2. c4 e6 3. Nc3 Nf6 4. cxd5 exd5 5. Bg5 Be7 6. e3 c6 7. Bd3 Nbd7 8. Qc2 Nh5 9. Bxe7 Qxe7 10. O-O-O Nb6 11. Kb1 Be6 12. Nf3 O-O-O 13. Ne5 f6 14. Nf3 g6 15. Rc1 Kb8 16. Nd2 Ng7 17. Nb3 Bf5 18. Bxf5 Nxf5 19. Nc5 Nc4 20. Ka1 b6 21. Na6+ Kb7 22. Qa4 Rc8 23. Nb4 b5 24. Qa6+ Ka8 25. Nxc6 Qb7 26. Qxb7+ Kxb7 27. Nb4 a5 28. Nbxd5 b4 29. Ne4 Rhf8 30. Ndxf6 a4 31. Nd7 Rfd8 32. Ndc5+ 1-0


[Site "https://www.chess.com"]

[Event "Titled Tuesday Blitz November 07 Early 2023"]
[White "Begunov, Konstantin"]
[Black "Czopor, Maciej"]
[WhiteFideId "4118510"]
[BlackFideId "21805431"]
[WhiteElo "2406"]
[BlackElo "2529"]
[Result "0-1"]
[Round "6"]
[TimeControl "180+1"]
[Date "2023.11.07"]
[WhiteClock "0:00:08"]
[BlackClock "0:00:44"]
[Board "132"]

1. d4 g6 2. c4 Bg7 3. Nc3 d6 4. e4 Nd7 5. Be3 e5 6. Nge2 Ne7 7. Qd2 O-O 8. f3 f5 9. d5 a5 10. O-O-O a4 11. Kb1 Nc5 12. Nc1 Bd7 13. Nd3 b6 14. Rc1 h5 15. Nxc5 bxc5 16. Bd3 a3 17. b3 f4 18. Bf2 g5 19. h3 Rf6 20. Ka1 Ng6 21. Rb1 Rb8 22. Nb5 c6 23. dxc6 Bxc6 24. Nxa3 Nf8 25. Nb5 Ne6 26. Nc3 Rf7 27. Nd5 Ra7 28. b4 Rba8 29. Rb2 Ra3 30. b5 Bb7 31. Rc1 Kf7 32. Rc3 R3a5 33. Bc2 Nd4 34. Bd1 Bh6 35. Kb1 Qh8 36. Nc7 Rc8 37. Nd5 Ra7 38. a4 g4 39. hxg4 hxg4 40. Ra3 Bg5 41. a5 Qh1 42. Ka2 Qf1 43. a6 Bxd5 44. exd5 Qxc4+ 45. Bb3 Qxb5 46. Bxd4 Rxa6 47. Bc3 Rxa3+ 48. Kxa3 Ra8+ 49. Ba5 Rxa5+ 50. Ba4 Qxa4# 0-1


[Site "https://www.chess.com"]

[Event "Titled Tuesday Blitz November 07 Early 2023"]
[White "Goldin, Roman"]
[Black "Kotlyar, Kirill"]
[WhiteFideId "2803860"]
[BlackFideId "24145599"]
[WhiteElo "2395"]
[BlackElo "2523"]
[Result "0-1"]
[Round "6"]
[TimeControl "180+1"]
[Date "2023.11.07"]
[WhiteClock "0:00:03"]
[BlackClock "0:00:08"]
[Board "133"]

1. d4 Nf6 2. Nf3 c5 3. d5 e6 4. c4 exd5 5. cxd5 d6 6. Nc3 g6 7. Bf4 a6 8. a4 Bg7 9. h3 O-O 10. e3 Re8 11. Be2 Nbd7 12. Bxd6 Qb6 13. Bh2 Qxb2 14. Rc1 Ng4 15. hxg4 Bxc3+ 16. Kf1 Bg7 17. Nd2 Ne5 18. Bxe5 Qxe5 19. Nc4 Qf6 20. a5 Bd7 21. Nb6 Rad8 22. Rxc5 Rxe3 23. Nxd7 Rxd7 24. Rc8+ Bf8 25. Qd2 Ra3 26. Bf3 Ra1+ 27. Rc1 Bb4 28. Qc2 Re7 29. Bd1 Re1# 0-1


[Site "https://www.chess.com"]

[Event "Titled Tuesday Blitz November 07 Early 2023"]
[White "Horak, Martin"]
[Black "Marcziter, Dmitrii"]
[WhiteFideId "367095"]
[BlackFideId "13900765"]
[WhiteElo "2519"]
[BlackElo "2394"]
[Result "1/2-1/2"]
[Round "6"]
[TimeControl "180+1"]
[Date "2023.11.07"]
[WhiteClock "0:00:10"]
[BlackClock "0:00:07"]
[Board "134"]

1. e4 c5 2. Nf3 a6 3. c4 e6 4. d4 cxd4 5. Nxd4 Nf6 6. Bd3 Bc5 7. Nb3 Be7 8. O-O d6 9. Nc3 O-O 10. Qe2 Qc7 11. Be3 b6 12. Rac1 Bb7 13. f4 Nbd7 14. Rfd1 Rac8 15. Kh1 Qb8 16. Bg1 Rfe8 17. Re1 e5 18. Nd5 Bxd5 19. exd5 Bf8 20. Qf3 g6 21. Rc2 Bg7 22. Rce2 b5 23. cxb5 axb5 24. Na5 Qa8 25. b4 Qxd5 26. Qxd5 Nxd5 27. Bxb5 Red8 28. Nb7 Nxf4 29. Rd2 Rf8 30. Bxd7 Rc7 31. Rxd6 Rxb7 32. b5 Rd8 33. Red1 Bf8 34. R6d2 Bb4 35. Bc6 Rxd2 36. Rxd2 Bxd2 37. Bxb7 Ne2 38. Bc5 Nc3 39. b6 Na4 40. Bd6 Nxb6 41. Bxe5 Nc4 42. Bd4 Kf8 43. Bc6 Ke7 44. Bd5 Nd6 45. Bc5 Kd7 46. a4 Ba5 47. h4 f5 48. Kh2 Ne4 49. Bd4 Bc7+ 50. Kg1 Kd6 51. Bxe4 fxe4 52. Kf2 Kd5 53. Ke3 Ba5 54. Ba7 Bd8 55. g3 Bc7 56. g4 Bd8 57. h5 gxh5 58. gxh5 Bc7 59. Ke2 Ba5 60. Ke3 Ke5 61. Bd4+ Kf5 62. Ke2 Kg5 63. Ke3 Kf5 64. Bc5 Kg5 65. Kxe4 Kxh5 66. Kd5 Kg4 67. Kc6 h5 68. Kb5 Bc7 69. Bb6 Bb8 70. a5 h4 71. Bg1 Kg3 72. Kc6 Kg2 73. Kb7 Kxg1 74. Kxb8 h3 75. a6 h2 76. a7 h1=Q 77. a8=Q Qh2+ 78. Kb7 Qg2+ 79. Ka7 Qxa8+ 80. Kxa8 1/2-1/2


[Site "https://www.chess.com"]

[Event "Titled Tuesday Blitz November 07 Early 2023"]
[White "Lymar, Vladislav"]
[Black "UK_23"]
[WhiteFideId "14162180"]
[WhiteElo "2516"]
[BlackElo "2393"]
[Result "1-0"]
[Round "6"]
[TimeControl "180+1"]
[Date "2023.11.07"]
[WhiteClock "0:00:22"]
[BlackClock "0:01:21"]
[Board "135"]

1. d4 d5 2. c4 e6 3. cxd5 exd5 4. Bf4 Nf6 5. e3 Bd6 6. Bxd6 Qxd6 7. Bd3 Nc6 8. Nc3 O-O 9. Rc1 a6 10. h3 Ne7 11. Nf3 Bf5 12. O-O Bxd3 13. Qxd3 c6 14. Ne5 Nd7 15. f4 f6 16. Nf3 Rae8 17. Na4 Qe6 18. Rfe1 Nf5 19. g4 Nd6 20. Nc5 Nxc5 21. Rxc5 Ne4 22. Rc2 h5 23. Rg2 hxg4 24. hxg4 Kf7 25. f5 Qd6 26. Nh4 Ng5 27. Ree2 Re4 28. Ng6 Rfe8 29. Qb3 b5 30. a4 Nf3+ 31. Kf1 Nh2+ 32. Rxh2 Qxh2 33. Rxh2 1-0


[Site "https://www.chess.com"]

[Event "Titled Tuesday Blitz November 07 Early 2023"]
[White "Dmitrenko, Viktor"]
[Black "HeroRubiksCube"]
[WhiteFideId "14110270"]
[WhiteElo "2390"]
[BlackElo "2513"]
[Result "0-1"]
[Round "6"]
[TimeControl "180+1"]
[Date "2023.11.07"]
[WhiteClock "0:00:03"]
[BlackClock "0:00:17"]
[Board "136"]

1. e4 d5 2. exd5 Nf6 3. d4 Bg4 4. Nf3 Qxd5 5. Nc3 Qd8 6. h3 Bh5 7. g4 Bg6 8. Bg2 c6 9. Ne5 Nbd7 10. f4 e6 11. Be3 Nd5 12. Nxd5 cxd5 13. h4 Nxe5 14. dxe5 h5 15. gxh5 Bxh5 16. Bf3 Bxf3 17. Qxf3 Be7 18. O-O-O Qa5 19. Kb1 O-O-O 20. h5 Kb8 21. Bd4 Qa4 22. b3 Qc6 23. f5 Rc8 24. Rh2 a5 25. a4 Qd7 26. fxe6 fxe6 27. Qd3 Rhf8 28. Rdd2 Rf5 29. Rdf2 Rcf8 30. Rxf5 Rxf5 31. Qd2 Bb4 32. Qd3 Qf7 33. Kb2 Rf3 34. Qb5 Qe7 35. h6 gxh6 36. Rxh6 Rf8 37. Qb6 Qc7 38. Qxe6 Rc8 39. c3 Bxc3+ 40. Bxc3 Qxc3+ 41. Ka3 Qa1# 0-1


[Site "https://www.chess.com"]

[Event "Titled Tuesday Blitz November 07 Early 2023"]
[White "Mejia, Cherry Ann"]
[Black "Seletsky, Grigory"]
[WhiteFideId "5206880"]
[BlackFideId "14112191"]
[WhiteElo "2379"]
[BlackElo "2512"]
[Result "0-1"]
[Round "6"]
[TimeControl "180+1"]
[Date "2023.11.07"]
[WhiteClock "0:00:00"]
[BlackClock "0:00:34"]
[Board "137"]

1. e4 e6 2. d4 d5 3. e5 c5 4. c3 Nc6 5. g3 cxd4 6. cxd4 Qb6 7. Ne2 Nge7 8. Bh3 Bd7 9. Nbc3 Rc8 10. O-O g6 11. Be3 h5 12. Qd2 h4 13. g4 Na5 14. b3 Nec6 15. Rac1 Ba3 16. Rb1 Nb4 17. f4 Bb5 18. Nxb5 Qxb5 19. Nc3 Qd3 20. Qxd3 Nxd3 21. Nb5 Be7 22. Rfd1 Nb4 23. Bd2 Nac6 24. a3 a6 25. Nd6+ Bxd6 26. exd6 Nc2 27. Bc3 Nxa3 28. Rbc1 Nb5 29. f5 Nxd6 30. fxe6 fxe6 31. g5 Nf5 32. Bxf5 exf5 33. Kf2 Kd7 34. h3 Rce8 35. Re1 Re4 36. Rxe4 fxe4 37. Ke2 Rf8 38. Rg1 Rf3 0-1


[Site "https://www.chess.com"]

[Event "Titled Tuesday Blitz November 07 Early 2023"]
[White "Vigoa Apecheche, Yanira"]
[Black "Ahmad, Khagan"]
[WhiteFideId "3507041"]
[BlackFideId "13431552"]
[WhiteElo "2370"]
[BlackElo "2506"]
[Result "0-1"]
[Round "6"]
[TimeControl "180+1"]
[Date "2023.11.07"]
[WhiteClock "0:01:05"]
[BlackClock "0:00:09"]
[Board "138"]

1. d4 Nf6 2. Bg5 e6 3. Nd2 h6 4. Bh4 d5 5. Ngf3 c5 6. e3 Nc6 7. c3 Be7 8. Bd3 Nd7 9. Bg3 f5 10. Ne5 Ndxe5 11. dxe5 O-O 12. Qe2 Bh4 13. O-O-O Bxg3 14. hxg3 Nxe5 15. Bc2 Bd7 16. f3 Qa5 17. Kb1 Bb5 18. Qf2 Bd3 19. Nb3 Bxc2+ 20. Qxc2 Qb5 21. e4 fxe4 22. fxe4 Nc4 23. exd5 exd5 24. Rxd5 Ne3 25. Qd3 Qxd3+ 26. Rxd3 Ng4 27. Rf3 b6 28. Rhf1 Nh2 29. Rxf8+ Rxf8 30. Rxf8+ Kxf8 31. Nd2 Ke7 32. Kc2 Ng4 33. Kd3 Ke6 34. Ke4 g5 35. Nc4 Nf6+ 36. Kf3 Kf5 37. Nd6+ Ke6 38. Nc4 h5 39. a4 Kd5 40. Ne3+ Ke6 41. Nc4 Ng8 42. b3 Ne7 43. g4 h4 44. Ne3 Nd5 45. Nxd5 Kxd5 46. Ke3 a5 47. c4+ Ke5 48. Kf3 Kd4 49. g3 hxg3 50. Kxg3 Ke3 51. Kg2 Kf4 52. Kf2 Kxg4 53. Kg2 Kf4 54. Kf2 Ke4 55. Kg3 Kd3 56. Kg4 Kc3 57. Kxg5 Kxb3 58. Kf5 Kxa4 59. Ke5 Kb4 60. Kd6 Kxc4 61. Kc6 b5 62. Kb6 a4 0-1


[Site "https://www.chess.com"]

[Event "Titled Tuesday Blitz November 07 Early 2023"]
[White "Ovezdurdyyeva, Jemal"]
[Black "ChainedDowntohell"]
[WhiteFideId "14001888"]
[WhiteElo "2369"]
[BlackElo "2503"]
[Result "0-1"]
[Round "6"]
[TimeControl "180+1"]
[Date "2023.11.07"]
[WhiteClock "0:00:00"]
[BlackClock "0:00:16"]
[Board "139"]

1. e4 g6 2. d4 Bg7 3. Nf3 d6 4. h3 Nd7 5. Be2 a6 6. O-O b5 7. Be3 Bb7 8. Nbd2 c5 9. c3 Ngf6 10. e5 Nd5 11. exd6 Nxe3 12. fxe3 exd6 13. Qe1 O-O 14. Qg3 Nf6 15. Rae1 Qe7 16. Bd3 Rae8 17. e4 Nh5 18. Qf2 Bh6 19. e5 Bf4 20. Ne4 dxe5 21. dxc5 Bxe4 22. Bxe4 Bg3 23. Qe3 Bxe1 24. Rxe1 Nf4 25. Rf1 Kh8 26. Bc2 Nd5 27. Qh6 f6 28. Bxg6 Rd8 29. Bc2 Qg7 30. Qh5 Ne3 31. Rf2 Nxc2 32. Rxc2 e4 33. Nh4 Qg3 34. Nf5 Qf4 35. Rf2 Qg5 36. Qxg5 fxg5 37. Nd4 e3 38. Re2 Rfe8 39. b4 Kg7 40. g4 Kf6 41. Kg2 Rd5 42. Kf3 Rde5 0-1


[Site "https://www.chess.com"]

[Event "Titled Tuesday Blitz November 07 Early 2023"]
[White "secrethawk1"]
[Black "Minko, Dmitry"]
[BlackFideId "24188468"]
[WhiteElo "2364"]
[BlackElo "2497"]
[Result "1-0"]
[Round "6"]
[TimeControl "180+1"]
[Date "2023.11.07"]
[WhiteClock "0:02:14"]
[BlackClock "0:01:48"]
[Board "140"]

1. d4 d5 2. Bf4 Nf6 3. e3 e6 4. c4 c5 5. Nc3 cxd4 6. exd4 dxc4 7. Bxc4 Nd5 8. Bxd5 exd5 9. Nf3 Be7 10. O-O O-O 11. Re1 Bg4 12. h3 Be6 13. Ne5 Nc6 14. Qd2 Qb6 15. Rac1 Qxd4 16. Nxc6 Qxd2 17. Nxe7+ Kh8 18. Bxd2 1-0


[Site "https://www.chess.com"]